AoeStats
← Coyunto90

Four Lakes

509935003Analyzed
1v1 RM · 4d ago on Sep 28, 2026· 30m 16s· 2 players
Game mode
Random Map
Map size
Tiny (2 player)
Population
200
Speed
Normal
Resources
Standard
Victory
Conquest
Starting age
Dark Age
Ending age
Imperial Age
RankedLock teamsTeams togetherTeam positionsShared explorationLock speedFull tech treeHidden civsTurbo modeCheats
Victory
Defeat
🇪🇸 Aztecs · Spain
1110
+14
🇦🇷 Huns · Argentina
1058
-14
Cocolizo
11:04 Feudal Age
10:48 Loom
16:19 Castle Age
17:10 Scale Barding Armor
27:15 Fletching
27:29 Double-Bit Axe
28:41 Bodkin Arrow
Coyunto90
6:22 Loom
7:09 Loom
9:55 Feudal Age
9:58 Man-at-Arms
13:15 Town Watch
16:36 Fletching
22:18 Castle Age
21:42 Forging
21:35 Scale Mail Armor
23:21 Squires
25:16 Double-Bit Axe
26:26 Sanctity
26:40 Chain Mail Armor
27:57 Pikeman
31:05 Bow Saw
Connection lost

Rejoining the realm…

Still unreachable

The connection could not be restored.

Session expired

The server has moved on; the page needs a fresh start.